 Dungeon Crawl Stone Soup version 0.17.1-3-g152610e (webtiles) character file.

28 manyhoops the Magician (level 3, -2/19 HPs)
             Began as a Deep Elf Air Elementalist on Apr 9, 2016.
             Killed from afar by Terence (11 damage)
             ... with a wand of frost
             ... on level 2 of the Dungeon.
             The game lasted 00:04:42 (870 turns).

manyhoops the Magician (Deep Elf Air Elementalist)   Turns: 870, Time: 00:04:42

Health: -2/19      AC:  5    Str:  5    XL:     3   Next: 0%
Magic:  6/10       EV: 13    Int: 20    God:
Gold:   38         SH:  0    Dex: 15    Spells: 4 memorised, 2 levels left

rFire  . . .     SeeInvis .     (no weapon)
rCold  . . .     Clarity  .     a - +0 robe
rNeg   . . .     SustAt   .     (no shield)
rPois  .         Gourm    .     k - +2 helmet
rElec  .         Spirit   .     (no cloak)
rCorr  .         Warding  .     (no gloves)
rMut   .         Stasis   .     (no boots)
MR     .....                    (no amulet)
Stlth  ++........               (no ring)
                                (no ring)

@: not resistant to hostile enchantments, unstealthy
A: no striking features
a: no special abilities


You were on level 2 of the Dungeon.
You were not hungry.

You visited 1 branch of the dungeon, and saw 2 of its levels.

You collected 38 gold pieces.

Inventory:

Armour
 a - a +0 robe (worn)
 k - a +2 helmet (worn)
Scrolls
 d - a scroll of remove curse
 e - a scroll of enchant weapon {unknown}
 f - a scroll of enchant armour
 g - a scroll of immolation
 h - a scroll of random uselessness {unknown}
 i - a scroll of blinking {unknown}
 j - a scroll of recharging {unknown}
Potions
 l - a potion of heal wounds {unknown}
 m - a potion of agility {unknown}
Books
 b - a book of Air

   Spells                             Type                      Level
   a - Shock                          Conjuration/Air              1
   b - Swiftness                      Charms/Air                   2
   c - Repel Missiles                 Charms/Air                   2
   d - Static Discharge               Conjuration/Air              3
   e - Lightning Bolt                 Conjuration/Air              5
Comestibles
 c - a bread ration


   Skills:
 - Level 2.4 Dodging
 + Level 3.1 Stealth
 + Level 4.2 Spellcasting
 + Level 1.4 Conjurations
 - Level 3.0 Air Magic


You had 2 spell levels left.
You knew the following spells:

 Your Spells              Type           Power        Failure   Level  Hunger
a - Shock                 Conj/Air       ##..         6%          1    None
b - Swiftness             Chrm/Air       ##......     12%         2    #......
c - Static Discharge      Conj/Air       ##......     17%         3    ###....
d - Repel Missiles        Chrm/Air       ##....       12%         2    #......


Dungeon Overview and Level Annotations

Branches:
Dungeon (2/15)

Altars:

Annotations:
D:2 Terence


Message History

Casting: Shock
Confirm with . or Enter, or press ? or * to list all spells.
Aiming: Shock
Press: ? - help, Shift-Dir - straight line, f/p - Terence
Aim: Terence, wielding a hand axe and wearing a scale mail (moderately wounded)
The zap misses Terence.
The kobold shouts!
The hobgoblin shouts!
Terence zaps a wand.
The puff of frost hits you!
Ouch! That really hurt!
It is a wand of frost.
Casting: Shock
Confirm with . or Enter, or press ? or * to list all spells.
Aiming: Shock
Press: ? - help, Shift-Dir - straight line, f/p - Terence
Aim: Terence, wielding a hand axe, wearing a scale mail and carrying a wand of frost {zapped: 1} (moderately wounded)
The zap hits Terence.
Terence appears unharmed.
Terence is moderately wounded.
Terence zaps a wand.
The puff of frost hits you!
Ouch! That really hurt!
You die...

## ... ## #... #.
#....
#.######.#...####. .
#.........?.......#.
#..##>..@...........
#..@....K...........
##.####g.....#......
#.# .............
#.# ..g.##...... #.#
.....#...... #.#
..#......#. #.#
#g#......#. #)#
##....##. #.#
#....##.


You could see Terence, a hobgoblin and a kobold.

Vanquished Creatures
  An ooze (D:1)
  2 giant geckos (D:1)
  4 bats (D:1)
  2 giant cockroaches (D:1)
  4 goblins
  2 jackals (D:1)
  3 kobolds
  3 rats (D:1)
21 creatures vanquished.

Notes
Turn   | Place    | Note
--------------------------------------------------------------
     0 | D:1      | manyhoops the Deep Elf Air Elementalist began the quest for the Orb.
     0 | D:1      | Reached XP level 1. HP: 10/10 MP: 6/6
   230 | D:1      | Reached XP level 2. HP: 15/15 MP: 0/8
   314 | D:1      | Learned a level 2 spell: Swiftness
   533 | D:1      | Reached skill level 4 in Spellcasting
   737 | D:2      | Noticed Terence
   834 | D:2      | Reached XP level 3. HP: 19/19 MP: 6/10
   861 | D:2      | Learned a level 3 spell: Static Discharge
   864 | D:2      | Learned a level 2 spell: Repel Missiles
   870 | D:2      | Killed from afar by Terence

Action                   || total
-------------------------++-------
 Cast: Shock             ||    49
  Use: Scroll            ||     4
